 Seeded DCSS version 0.27.1-37-g7b29ead8ac (webtiles) character file.

Game seed: 2605965801648031611 (custom seed)

210 tkbsonic5 the Chopper (level 5, 0/41 HPs)
             Began as a Demonspawn Gladiator on Jan 3, 2024.
             Slain by Sigmund (1 damage)
             ... on level 3 of the Dungeon.
             The game lasted 00:05:16 (3387 turns).

tkbsonic5 the Chopper (Demonspawn Gladiator)        Turns: 3387, Time: 00:05:17

Health: 0/41       AC: 12    Str: 15    XL:     5   Next: 56%
Magic:  5/5        EV:  7    Int: 10    God:
Gold:   101        SH:  0    Dex: 14    Spells: 4/4 levels left

rFire    . . .     SeeInvis .   a - +0 war axe (protect)
rCold    . . .     Faith    .   (no shield)
rNeg     . . .     Spirit   .   n - +0 chain mail
rPois    .         Reflect  .   d - +1 helmet
rElec    .         Harm     .   (no cloak)
rCorr    .         Rampage  .   (no gloves)
Will     .....                  (no boots)
Stlth    ..........             (no amulet)
HPRegen  0.13/turn              (no ring)
MPRegen  0.09/turn              (no ring)

@: no status effects
A: hooves 1, slimy green scales 1, spiny 1, condensation shield
a: no special abilities


You were on level 3 of the Dungeon.
You visited 1 branch of the dungeon, and saw 3 of its levels.

You collected 101 gold pieces.

Inventory:

Hand Weapons
 a - a +0 war axe of protection (weapon)
Missiles
 h - 68 arrows
 m - 45 sling bullets
 o - 2 boomerangs (quivered)
Armour
 b - a +0 leather armour
 c - a +0 helmet
 d - a +1 helmet (worn)
 e - a +0 robe of cold resistance
 i - a +0 ring mail
 n - a +0 chain mail (worn)
Scrolls
 l - a scroll of amnesia
Potions
 j - a potion of degeneration
 k - a potion of brilliance


   Skills:
 * Level 3.2 Fighting
 * Level 4.1 Axes
 + Level 2.8 Throwing
 - Level 1.4 Armour
 - Level 3.0 Dodging


You had 4 spell levels left.
You didn't know any spells.
Your spell library was empty.

Dungeon Overview and Level Annotations

Branches:
Dungeon (3/15)

Altars:
Trog

Annotations:
D:3 Sigmund


Innate Abilities, Weirdness & Mutations

You have large cloven feet.
You are partially covered in slimy green scales. (AC +2)
You are partially covered in sharp spines.
A meltable shield of frost defends you. (SH +0)


Message History

You closely miss Sigmund. You kick Sigmund.
Sigmund is severely wounded.
Sigmund hits you but does no damage.
You closely miss Sigmund.
Sigmund is severely wounded.
Sigmund hits you with a +0 scythe.
You closely miss Sigmund.
Sigmund is severely wounded.
Sigmund mumbles some strange words.
Sigmund flickers and vanishes!
Deactivating autopickup; reactivate with Ctrl-A.
No target in view!
No target in view!
You enter the shallow water.
Moving in this stuff is going to be slow.
You hear a splashing noise.
You hear some strange, mumbled words.
A puff of flame appears from out of thin air!
The puff of flame hits you.
Your condensation shield dissipates!
Something hits you.
A puff of flame appears from out of thin air!
The puff of flame hits you.
You swing at nothing.
You swing at nothing.
You swing at nothing.
Something hits you but does no damage.
You swing at nothing.
Something hits you but does no damage.
You swing at nothing.
You swing at nothing.
Something completely misses you.
You swing at nothing.
Something hits you.
You swing at nothing.
Something hits you.
You swing at nothing.
Something hits you.
You swing at nothing.
Something hits you!
* * * LOW HITPOINT WARNING * * *
You swing at nothing.
Something hits you.
* * * LOW HITPOINT WARNING * * *
You swing at nothing.
Something hits you but does no damage.
You swing at nothing.
You swing at nothing.
Something hits you.
You die...

###### ......#
########....♣P.###
#....... ..P≈≈.P.#
#.....# ##≈P≈..≈.#
#.....###P≈≈≈≈.≈P#
###.....@....≈≈≈≈..#
#.......##..≈≈≈≈P≈.#
.....#<....##..((≈≈≈≈.#
#### #....)###.≈≈≈≈.≈P#
.......####≈≈.≈≈≈.#
###........P≈≈)(≈P.#
######....♣≈≈≈♣.##
#.....P....#
#..........#


There were no monsters in sight!

Vanquished Creatures
  Jessica (D:2)
  Natasha (thrice) (D:2)
  Robin (D:2)
  4 adders (D:2)
  2 dart slugs
  An orc (D:3)
  4 endoplasms
  A giant cockroach (D:1)
  12 goblins
  6 hobgoblins
  6 kobolds
  2 quokkas (D:1)
  3 ball pythons
  5 bats
  2 frilled lizards (D:1)
  4 rats
57 creatures vanquished.

Notes
Turn   | Place    | Note
-------+----------+-------------------------------------------
     0 | D:1      | tkbsonic5 the Demonspawn Gladiator began the quest for the
                  | Orb.
     0 | D:1      | Reached XP level 1. HP: 16/16 MP: 1/1
   262 | D:1      | Gained mutation: You are partially covered in slimy green
                  | scales. (AC +2) [demonic ancestry]
   262 | D:1      | Reached XP level 2. HP: 21/22 MP: 2/2
   351 | D:1      | Reached skill level 3 in Axes
  1085 | D:2      | Gained mutation: A meltable shield of frost defends you.
                  | (SH +0) [demonic ancestry]
  1085 | D:2      | Reached XP level 3. HP: 26/28 MP: 3/3
  1180 | D:2      | Found a bloodstained altar of Trog.
  1223 | D:2      | Noticed Jessica
  1227 | D:2      | Killed Jessica
  1241 | D:2      | Reached skill level 1 in Armour
  1241 | D:2      | Gained mutation: You have large cloven feet. [demonic
                  | ancestry]
  1241 | D:2      | Reached XP level 4. HP: 13/34 MP: 4/4
  1832 | D:2      | Noticed Natasha
  1862 | D:2      | Killed Natasha
  2335 | D:2      | Noticed Natasha
  2340 | D:2      | Killed Natasha
  2341 | D:2      | Gained mutation: You are partially covered in sharp spines.
                  | [demonic ancestry]
  2341 | D:2      | Reached XP level 5. HP: 13/40 MP: 5/5
  2812 | D:2      | Noticed Natasha
  2819 | D:2      | Killed Natasha
  3032 | D:3      | Noticed Robin
  3042 | D:2      | Reached skill level 4 in Axes
  3055 | D:2      | Killed Robin
  3082 | D:3      | Noticed Sigmund
  3384 | D:3      | HP: 1/41 [something (6)]
  3387 | D:3      | Slain by Sigmund

Illustrated notes

Levels and vault maps discovered:
D:1:      psy_arrival_dodecagon, layout_loops_ring, minmay_tall_x
D:2:      layout_loops_ring, basic_altar, uniq_natasha, uniq_jessica
D:3:      layout_rooms, old_standard_altar, basic_ecumenical_altar,
          serial_bayou_pond_b, uniq_robin, uniq_sigmund

Skill      XL: |  1  2  3  4  5 |
---------------+----------------+-----
Axes           | 3 4 |  4.1
Throwing       | 2 |  2.8
Dodging        | 3 |  3.0
Armour         | 1 |  1.4
Fighting       | 3 |  3.2

Action                   |  1- 3 |  4- 6 || total
-------------------------+-------+-------++-------
Melee: War axe           |    91 |    66 ||   157
       Kick              |       |    22 ||    22
Throw: Dart              |    13 |    19 ||    32
       Throwing net      |       |     3 ||     3
       Boomerang         |       |     2 ||     2
  Use: Scroll            |     2 |     5 ||     7
       Potion            |     1 |     1 ||     2
 Stab: Sleeping          |     1 |       ||     1
Armor: Leather armour    |    25 |       ||    25
       Ring mail         |    24 |       ||    24
       Chain mail        |       |    50 ||    50
Dodge: Dodged            |    63 |    31 ||    94
Block: Other             |     8 |     6 ||    14
